 Dungeon Crawl Stone Soup version 0.31-a0-236-g9a0961fb85 (webtiles) character file.

Game seed: 18435215033039241789

137817 Midn8 the Alchemist (level 16, 0/81 HPs)
             Began as a Spriggan Fire Elementalist on July 10, 2023.
             Was the Champion of Uskayaw.
             Slain by an emperor scorpion simulacrum (11 damage)
             ... on level 4 of the Spider Nest.
             The game lasted 01:55:10 (34490 turns).

Midn8 the Alchemist (Spriggan Fire Elementalist)   Turns: 34490, Time: 01:55:11

Health: 0/81       AC: 22    Str:  4    XL:     16   Next: 69%
Magic:  5/32       EV: 23    Int: 27    God:    Uskayaw [******]
Gold:   1043       SH: 13    Dex: 17    Spells: 17/37 levels left

rFire   . . .        j - +2 quick blade (drain)
rCold   . . .        a - +3 warlock's mirror {omnireflect}
rNeg    . . .        c - +4 troll leather armour {Snorg}
rPois   .            (helmet restricted)
rElec   .            p - +5 cloak "Buvic" {Slay+2}
rCorr   .            (gloves unavailable)
SInv    +            (boots unavailable)
Will    ++...        Z - amulet of Soywn {Reflect Int+4 SH+5}
Stlth   ++++         s - +4 ring of protection
HPRegen 1.13/turn    R - +4 ring of protection
MPRegen 0.23/turn

%: reflection
@: radiating poison, slowed, quick
A: very small, no large weapons, unfitting armour, see invisible, speed 3,
antennae 1, screaming 2, noise suppression
a: Renounce Religion, Stomp, Line Pass, Grand Finale


You were on level 4 of the Spider Nest.
You worshipped Uskayaw.
Uskayaw was pleased with you.
You visited 4 branches of the dungeon, and saw 26 of its levels.

You collected 2153 gold pieces.
You spent 1110 gold pieces at shops.

Inventory:

Hand Weapons
 j - a +2 quick blade of draining (weapon)
 n - a +2 dagger of freezing
 v - a +2 scimitar of flaming
 Q - a +3 rapier
 U - the +5 short sword of Ru, Devouring {flame, Dex+2}
   (You found it on level 12 of the Dungeon)

   Dex:       It affects your dexterity (+2).
Missiles
 d - 14 poisoned darts
 D - 3 curare-tipped darts
Armour
 a - the +3 warlock's mirror (worn) {omnireflect}
   (You acquired it on level 3 of the Spider Nest)

   Omnireflect: It can block and reflect piercing ranged attacks and magical
   attacks against the wielder's willpower.
 c - a +4 troll leather armour (worn) {Snorg}
 p - the +5 cloak "Buvic" (worn) {Slay+2}
   (You acquired it on level 7 of the Dungeon)

   Slay:      It affects your accuracy & damage with ranged weapons and melee
   (+2).
Jewellery
 g - a ring of protection from fire
 m - an amulet of guardian spirit
 s - a +4 ring of protection (left hand)
 w - a ring of magical power
 O - a ring of wizardry
 R - a +4 ring of protection (right hand)
 W - a +6 ring of dexterity
 Z - the amulet of Soywn (around neck) {Reflect Int+4 SH+5}
   (You found it on level 14 of the Dungeon)

   [amulet of reflection]

   It reflects blocked missile attacks.
   Int:       It affects your intelligence (+4).
   SH:        It affects your SH (+5).
Wands
 r - a wand of iceblast (9)
 y - a wand of light (20)
 C - a wand of digging (5)
 F - a wand of polymorph (22)
 H - a wand of flame (7)
 N - a wand of paralysis (7)
 V - a wand of mindburst (4)
Scrolls
 e - 6 scrolls of enchant weapon
 h - 8 scrolls of teleportation
 o - a scroll of poison
 t - 4 scrolls of brand weapon
 E - a scroll of amnesia
 L - 3 scrolls of blinking
 M - a scroll of fog
 P - 9 scrolls of identify
 S - a scroll of fear
 T - 2 scrolls of silence
 Y - a scroll of revelation
Potions
 b - 3 potions of magic
 f - 3 potions of attraction
 i - 7 potions of enlightenment
 k - 4 potions of lignification
 l - 3 potions of haste
 q - 2 potions of might
 x - 7 potions of curing
 z - 2 potions of cancellation
 A - 9 potions of heal wounds
 B - 2 potions of invisibility
 G - 5 potions of mutation
 I - a potion of ambrosia
 J - a potion of berserk rage
 K - 3 potions of brilliance
 X - a potion of resistance
Miscellaneous
 u - a sack of spiders


   Skills:
 - Level 8.0 Fighting
 + Level 7.6 Short Blades
 - Level 13.0 Dodging
 - Level 10.0 Stealth
 - Level 3.0 Shields
 - Level 11.3 Spellcasting
 - Level 5.0 Conjurations
 - Level 17.0 Transmutations
 - Level 5.0 Fire Magic
 - Level 12.0 Poison Magic
 - Level 12.0 Invocations
 - Level 12.0 Evocations


You had 17 spell levels left.
You knew the following spells:

 Your Spells              Type           Power      Damage    Failure   Level
a - Foxfire               Conj/Fire      100%       2x1d9     1%          1
b - Eringya's Noxious Bo  Tmut/Pois      38%        4d6       4%          6
c - Sting                 Tmut/Pois      100%       1d8       1%          1
r - Olgreb's Toxic Radia  Pois           69%        N/A       1%          4
s - Scorch                Fire           84%        2d9       2%          2
t - Alistair's Intoxicat  Tmut/Pois      50%        N/A       1%          5
z - Beastly Appendage     Tmut           100%       N/A       0%          1

Your spell library contained the following spells:

 Spells                   Type           Power      Damage    Failure   Level
 Poisonous Vapours        Pois/Air       94%        N/A       1%          2
 Wereblood                Tmut           82%        N/A       1%          2
 Spider Form              Tmut/Pois      76%        N/A       1%          3
 Ice Form                 Ice/Tmut       57%        N/A       3%          4
 Summon Small Mammal      Summ           60%        N/A       12%         1
 Dazzling Flash           Conj/Hex       56%        N/A       13%         3
 Inner Flame              Hex/Fire       28%        N/A       13%         3
 Volatile Blastmotes      Fire/Tloc      56%        2d14      13%         3
 Flame Wave               Conj/Fire      42%        2d11      16%         4
 Sticky Flame             Conj/Fire      42%        2d6       16%         4
 Call Canine Familiar     Summ           15%        N/A       36%         3
 Frozen Ramparts          Ice            30%        1d5       36%         3
 Summon Guardian Golem    Hex/Summ       15%        N/A       36%         3
 Iskenderun's Mystic Bla  Conj/Tloc      28%        2d7       41%         4
 Animate Dead             Necr           15%        N/A       77%         4
 Passage of Golubria      Tloc           15%        N/A       77%         4
 Summon Ice Beast         Ice/Summ       15%        N/A       77%         4
 Starburst                Conj/Fire      21%        6d7       94%         6
 Storm Form               Tmut/Air       28%        N/A       97%         7
 Borgnjor's Vile Clutch   Necr/Erth      7%         N/A       98%         5
 Silence                  Hex/Air        7%         N/A       98%         5
 Haunt                    Necr/Summ      7%         N/A       100%        7
 Infestation              Necr           7%         N/A       100%        8
 Lehudib's Crystal Spear  Conj/Erth      14%        10d5      100%        8
 Maxwell's Capacitive Co  Air            7%         ∞         100%        8


Dungeon Overview and Level Annotations

Branches:
Dungeon (15/15)            Temple (0/1) D:5            Lair (5/5) D:9
  Swamp (0/4) Lair:3       Spider (4/4) Lair:3        Slime (0/5) Lair:5
    Orc (2/2) D:10            Elf (0/3) Orc:2        Vaults (0/5) D:14
 Depths (0/4) D:15

Altars:
Cheibriados
Elyvilon
Gozag
Kikubaaqudgha
Okawaru
Qazlal
Ru
Sif Muna
Uskayaw
Vehumet
Xom

Shops:
D:9 (   D:13 [   D:15 (   Orc:1 *   Orc:2 =!:[

Annotations:
D:4 Blork the orc
D:5 2 runed translucent doors
D:7 1 runed translucent door, pokeman's ghost, novice DEHW
D:11 exclusion: orange crystal statue
Lair:3 3 runed translucent doors, 1 exclusion, Wavoedoo's ghost, journeyman MiFi


Innate Abilities, Weirdness & Mutations

You are very small and have problems with some larger weapons.
You are too small for most types of armour.
You have supernaturally acute eyesight. (SInv)
You cover ground extremely quickly. (Speed+++)
You have a pair of small antennae on your head.
You frequently scream uncontrollably at your foes.
You passively dampen the noise of your surroundings.


Message History

You drain the emperor scorpion!
The helpless emperor scorpion fails to defend itself.
You stick the emperor scorpion like a pincushion!!!
You kill the emperor scorpion!
A freezing mist starts to gather...
An emperor scorpion simulacrum comes into view.
You are engulfed in a cloud of scalding steam.
The meliai simulacrum is engulfed in a cloud of scalding steam.
The redback simulacrum is engulfed in a cloud of scalding steam.
The redback simulacrum festers in the toxic bog.
The wolf spider simulacrum festers in the toxic bog.
The helpless redback simulacrum fails to defend itself.
You stick the redback simulacrum like a pincushion!!!
The redback simulacrum vaporises!
The wolf spider simulacrum festers in the toxic bog.
Being near the torpor snail leaves you feeling lethargic.
Unknown command.
The helpless wolf spider simulacrum fails to defend itself.
You skewer the wolf spider simulacrum like a kebab!!!
The wolf spider simulacrum vaporises!
The torpor snail is poisoned.
The emperor scorpion simulacrum festers in the toxic bog!
Unknown command.
Your unstable footing causes you to fumble your attack.
The torpor snail looks even sicker.
Your noxious spew wanes.
The meliai simulacrum is no longer paralysed.
You block the meliai simulacrum's attack.
The meliai simulacrum hits you but does no damage.
The meliai simulacrum closely misses you.
You block the meliai simulacrum's attack.
The emperor scorpion simulacrum barely misses you.
The emperor scorpion simulacrum claws you.
The emperor scorpion simulacrum freezes you!!
* * * LOW HITPOINT WARNING * * *
The emperor scorpion simulacrum barely misses you.
The meliai simulacrum hits you but does no damage.
You block the meliai simulacrum's attack.
The emperor scorpion simulacrum hits you!
You die...

...^..^.. #### ..^.#..†#
#..## #).......
##...##......#..
#.^...##.^.).^.. #####
#^...^.#........ ....#
####..^..Z.)......
...#####..†.....@Z......^
^....^#..#^......°.......
#.^......#...^^...^......
#..^.†..###^^#..###..#^#.
....†...#.~....^.. .....^
.^......###..#..##=^#.w^.
..^.....~~......( .##)#
.....(..~#^......# ^ .w
.........^#.....^#~~


You could see a torpor snail (very poisoned), an emperor scorpion simulacrum and
a meliai simulacrum.

Vanquished Creatures
  Asterion (Spider:4)
  Mlioglotl (Spider:4)
  Frances (Spider:1)
  Kirke (Lair:4)
  A fire giant (D:15)
  Donald (Orc:2)
  2 ghost moths
  2 emperor scorpions
  3 broodmothers
  Snorg (Orc:2)
  An ettin (Orc:2)
  A fire dragon (D:12)
  4 entropy weavers
  5 vault guards (D:14)
  6 hydras
  4 boulder beetles
  2 jorogumos
  A radroach (Spider:3)
  2 centaur warriors (D:15)
  2 catoblepae
  5 ogre magi
  2 two-headed ogres
  Erica (D:8)
  A death knight (D:14)
  2 tengu warriors (D:15)
  Urug (Lair:3)
  3 demonic crawlers
  Sonja (D:10)
  A deep elf knight (D:14)
  5 pharaoh ants
  A spectral death yak (Lair:3)
  A sun moth (Spider:3)
  A skyshark (Lair:3)
  Lodul (D:10)
  A spectral hydra (Lair:3)
  12 orb spiders
  5 deep elf pyromancers
  A wizard (D:14)
  A necromancer (Spider:2)
  18 wolf spiders
  6 wolf spider zombies (Spider:2)
  4 steelbarb worms
  8 orc sorcerers (Orc:2)
  3 ugly things (D:12)
  2 cyclopes (D:13)
  2 moths of wrath
  4 elephants (Lair:3)
  4 black mambas
  4 slime creatures (D:14)
  6 cane toads
  3 gargoyles
  2 unseen horrors
  6 torpor snails
  4 komodo dragons
  An efreet (D:14)
  7 redback zombies (Spider:2)
  A yaktaur (D:14)
  2 tengu conjurers (D:15)
  Psyche (D:10)
  A spectral skyshark (Lair:3)
  4 rime drakes
  A queen bee (D:12)
  7 meliai
  5 polar bears
  A polar bear (shapeshifter) (Spider:1)
  6 trolls
  6 hornets (Lair:5)
  19 tarantellas
  4 blink frogs (Lair:3)
  9 culicivora zombies (Spider:2)
  7 tarantella zombies (Spider:2)
  A raiju (shapeshifter) (D:14)
  16 dream sheep
  19 culicivoras
  19 jumping spiders
  A water elemental (D:13)
  4 wraiths
  A shadow (D:12)
  A vampire (D:11)
  3 wyverns
  14 spriggans (Lair:5)
  35 yaks
  Eustachio (D:4)
  5 hogs (Lair:4)
  A human (D:14)
  52 redbacks
  A steam dragon (D:9)
  6 basilisks
  A spectral cane toad (Lair:3)
  3 vampire mosquitoes (D:11)
  3 wargs
  12 water moccasins
  16 orc warriors
  A sky beast (D:6)
  6 black bears
  20 ogres
  33 wolves
  3 boggarts (Lair:5)
  A centaur (D:5)
  A tengu (D:8)
  A phantom (D:5)
  A kobold brigand (D:10)
  13 bullfrogs
  5 scorpions
  11 wights
  23 killer bees
  6 howler monkeys
  An electric eel (D:7)
  9 orc priests
  2 jellies
  A gnoll bouda (Orc:1)
  3 hounds
  3 iguanas
  43 orc wizards
  6 hell rats (Lair:3)
  3 gnolls (Orc:1)
  7 adders
  4 worms (D:12)
  A dart slug (D:4)
  62 orcs
  3 ball pythons
  A bat (D:3)
  6 endoplasms
  8 goblins
  2 hobgoblins
  5 jackals
  9 kobolds
  5 quokkas
  4 frilled lizards
  4 rats
  A butterfly (Lair:2)
779 creatures vanquished.

Vanquished Creatures (collateral kills)
  4 foxfires (Lair:3)
4 creatures vanquished.

Vanquished Creatures (others)
  A wolf spider (Spider:1)
  682 foxfires
683 creatures vanquished.

Grand Total: 1466 creatures vanquished

Notes
Turn   | Place    | Note
-------+----------+-------------------------------------------
     0 | D:1      | Midn8 the Spriggan Fire Elementalist began the quest for
                  | the Orb.
     0 | D:1      | Reached XP level 1. HP: 9/9 MP: 5/5
   369 | D:1      | Reached XP level 2. HP: 13/13 MP: 2/7
   417 | D:1      | Learned a level 2 spell: Scorch
  1453 | D:2      | Learned a level 1 spell: Beastly Appendage
  1549 | D:2      | Reached XP level 3. HP: 16/16 MP: 4/9
  2516 | D:3      | Learned a level 1 spell: Sting
  2789 | D:3      | Found a hide-covered altar of Uskayaw.
  3081 | D:3      | Became a worshipper of Uskayaw the Reveller
  3253 | D:4      | Reached * piety under Uskayaw
  3397 | D:4      | Noticed Blork the orc
  3482 | D:4      | Noticed a scorpion
  3499 | D:4      | Killed a scorpion
  3500 | D:4      | Reached skill level 2 in Transmutations
  3500 | D:4      | Reached skill level 1 in Poison Magic
  3500 | D:4      | Reached XP level 4. HP: 21/21 MP: 6/11
  3595 | D:4      | Noticed Eustachio
  3814 | D:4      | Reached ** piety under Uskayaw
  3818 | D:4      | Reached *** piety under Uskayaw
  3819 | D:4      | Killed Eustachio
  3820 | D:4      | Reached skill level 3 in Transmutations
  3820 | D:4      | Reached XP level 5. HP: 24/24 MP: 4/12
  4043 | D:5      | Entered Level 5 of the Dungeon
  4043 | D:5      | Identified the +7 short sword of the Ninety-Nine Deaths
                  | {chaos, Str+3 Dex+3}
  4048 | D:5      | Reached XP level 6. HP: 28/28 MP: 8/13
  4289 | D:5      | Reached skill level 5 in Poison Magic
  4360 | D:5      | Found a sacrificial altar of Ru.
  4360 | D:5      | Found a shimmering blue altar of Sif Muna.
  4361 | D:5      | Found a snail-covered altar of Cheibriados.
  4372 | D:5      | Found a shimmering altar of Xom.
  4402 | D:5      | Found a stormy altar of Qazlal.
  4633 | D:5      | Reached XP level 7. HP: 32/32 MP: 14/14
  4666 | D:5      | Learned a level 4 spell: Olgreb's Toxic Radiance
  4932 | D:5      | Reached skill level 1 in Invocations
  4932 | D:5      | Reached XP level 8. HP: 36/36 MP: 13/15
  5060 | D:5      | Found a staircase to the Ecumenical Temple.
  5188 | D:5      | Found a large runed translucent door.
  5188 | D:5      | Found a large runed translucent door.
  5192 | D:5      | Found a shimmering altar of Xom.
  6414 | D:6      | Reached skill level 5 in Invocations
  6459 | D:6      | Reached skill level 1 in Fighting
  7038 | D:7      | Identified a scroll of acquirement
  7038 | D:7      | Acquired the +5 cloak "Buvic" {Slay+2}
  7136 | D:7      | Reached XP level 9. HP: 44/44 MP: 11/16
  7157 | D:7      | Reached skill level 5 in Dodging
  7441 | D:7      | Reached skill level 1 in Evocations
  7574 | D:7      | Reached **** piety under Uskayaw
  7578 | D:7      | Reached skill level 5 in Spellcasting
  7698 | D:7      | Found a runed translucent door.
  7700 | D:7      | Found a shimmering altar of Xom.
  7700 | D:7      | Noticed pokeman's ghost (novice DEHW)
  7701 | D:7      | Noticed a +0 quarterstaff of chaos
  8483 | D:8      | Noticed Maggie
  8487 | D:8      | Maggie changed into Maggie the tengu
  8487 | D:8      | Noticed Maggie
  8501 | D:8      | Killed Maggie the tengu
  9012 | D:8      | Noticed Erica
  9037 | D:8      | Killed Erica
  9038 | D:8      | Reached skill level 10 in Poison Magic
  9138 | D:8      | Noticed a two-headed ogre
  9155 | D:8      | Killed a two-headed ogre
  9156 | D:8      | Reached skill level 5 in Evocations
  9156 | D:8      | Reached XP level 10. HP: 49/49 MP: 18/20
  9777 | D:9      | Reached skill level 1 in Shields
  9784 | D:9      | Reached ***** piety under Uskayaw
 10197 | D:9      | Found a staircase to the Lair.
 10342 | D:9      | Found an ancient bone altar of Kikubaaqudgha.
 10433 | D:9      | Found Ingead's Antique Weapon Boutique.
 10804 | D:10     | Entered Level 10 of the Dungeon
 10811 | D:10     | Noticed Sonja
 10816 | D:10     | Killed Sonja
 10853 | D:10     | Found a radiant altar of Vehumet.
 10915 | D:10     | Found a staircase to the Orcish Mines.
 11113 | D:10     | Noticed Lodul
 11130 | D:10     | Killed Lodul
 11138 | D:10     | Reached ****** piety under Uskayaw
 11248 | D:10     | Reached XP level 11. HP: 52/52 MP: 17/21
 11680 | D:10     | Found an iron altar of Okawaru.
 11681 | D:10     | Found an opulent altar of Gozag.
 11683 | D:10     | Found a white marble altar of Elyvilon.
 11737 | D:10     | Noticed Psyche
 11745 | D:10     | Killed Psyche
 11746 | D:10     | Reached skill level 1 in Conjurations
 11885 | Orc:1    | Entered Level 1 of the Orcish Mines
 12177 | Orc:1    | Found Latwucvu's General Store.
 12465 | Orc:2    | Entered Level 2 of the Orcish Mines
 12881 | Orc:2    | Noticed an orc sorcerer
 12895 | Orc:2    | Killed an orc sorcerer
 13176 | Orc:2    | Found a staircase to the Elven Halls.
 13184 | Orc:2    | Noticed an ettin
 13213 | Orc:2    | Killed an ettin
 13501 | Orc:2    | Noticed Donald
 13609 | Orc:2    | Killed Donald
 13799 | Orc:2    | Found Ketac's Antique Armour Shoppe.
 13799 | Orc:2    | Noticed an orc sorcerer
 13799 | Orc:2    | Noticed an orc sorcerer
 13959 | Orc:2    | Noticed an orc sorcerer
 13961 | Orc:2    | Noticed a sun demon
 13963 | Orc:2    | Noticed Snorg
 13970 | Orc:2    | Killed an orc sorcerer
 13971 | Orc:2    | Reached skill level 5 in Conjurations
 13971 | Orc:2    | Reached skill level 5 in Fire Magic
 13998 | Orc:2    | Killed Snorg
 14137 | Orc:2    | Killed an orc sorcerer
 14252 | Orc:2    | Killed an orc sorcerer
 14360 | Orc:2    | Found Buplim's Distillery.
 14401 | Orc:2    | Noticed an ogre mage
 14415 | Orc:2    | Killed an ogre mage
 14523 | Orc:2    | Bought a potion of mutation for 96 gold pieces
 14523 | Orc:2    | Bought a potion of ambrosia for 96 gold pieces
 14523 | Orc:2    | Bought a potion of berserk rage for 60 gold pieces
 14551 | Orc:2    | Noticed an orc sorcerer
 14561 | Orc:2    | Paralysed by an orc sorcerer for 4 turns
 14566 | Orc:2    | Killed an orc sorcerer
 14567 | Orc:2    | Reached XP level 12. HP: 58/58 MP: 22/25
 14629 | Orc:2    | Found an ancient bone altar of Kikubaaqudgha.
 14647 | Orc:2    | Reached skill level 5 in Fighting
 14656 | Orc:2    | Found Elytic's Jewellery Shoppe.
 14662 | Orc:2    | Noticed an ogre mage
 14662 | Orc:2    | Noticed an ogre mage
 14857 | Orc:2    | Killed an ogre mage
 14976 | Orc:2    | Killed an ogre mage
 15075 | Orc:2    | Found Luellieh's Book Shoppe.
 15102 | Orc:2    | Found a radiant altar of Vehumet.
 15190 | Orc:2    | Bought Great Wizards, Vol. II for 570 gold pieces
 15226 | Orc:2    | Bought a potion of mutation for 96 gold pieces
 15226 | Orc:2    | Bought a potion of mutation for 96 gold pieces
 15226 | Orc:2    | Bought a potion of invisibility for 96 gold pieces
 15226 | Orc:2    | Gained mutation: You are frail. (-10% HP) [potion of
                  | mutation]
 15226 | Orc:2    | Gained mutation: Your spells are a little harder to cast,
                  | but a little more powerful. [potion of mutation]
 15226 | Orc:2    | Gained mutation: Your spells are harder to cast, but more
                  | powerful. [potion of mutation]
 15227 | Orc:2    | Lost mutation: You are frail. (-10% HP) [potion of
                  | mutation]
 15227 | Orc:2    | Lost mutation: Your spells are harder to cast, but more
                  | powerful. [potion of mutation]
 15227 | Orc:2    | Lost mutation: Your spells are a little harder to cast, but
                  | a little more powerful. [potion of mutation]
 15227 | Orc:2    | Gained mutation: You occasionally shout uncontrollably at
                  | your foes. [potion of mutation]
 15227 | Orc:2    | Gained mutation: You have a pair of small antennae on your
                  | head. [potion of mutation]
 15227 | Orc:2    | Gained mutation: You frequently scream uncontrollably at
                  | your foes. [potion of mutation]
 15227 | Orc:2    | Gained mutation: You passively dampen the noise of your
                  | surroundings. [potion of mutation]
 15356 | Lair:1   | Entered Level 1 of the Lair of Beasts
 15713 | Lair:1   | Learned a level 6 spell: Eringya's Noxious Bog
 15728 | Lair:1   | Reached skill level 4 in Transmutations
 15946 | Lair:1   | Reached skill level 5 in Transmutations
 16003 | Lair:1   | Reached skill level 6 in Transmutations
 16253 | Lair:1   | Reached skill level 7 in Transmutations
 16618 | Lair:1   | Reached skill level 8 in Transmutations
 16913 | Lair:2   | Reached skill level 9 in Transmutations
 17090 | Lair:2   | Reached skill level 10 in Transmutations
 17244 | Lair:2   | Noticed a six-headed hydra
 17259 | Lair:2   | Killed a six-headed hydra
 17323 | Lair:2   | Reached skill level 11 in Transmutations
 17388 | Lair:2   | Noticed a six-headed hydra
 17397 | Lair:2   | Killed a six-headed hydra
 17870 | Lair:3   | Reached skill level 12 in Transmutations
 17942 | Lair:3   | Found a hole to the Spider Nest.
 17960 | Lair:3   | Reached XP level 13. HP: 51/65 MP: 24/26
 18359 | Lair:3   | Noticed Urug
 18365 | Lair:3   | Killed Urug
 18366 | Lair:3   | Reached skill level 13 in Transmutations
 18465 | Lair:3   | Reached skill level 14 in Transmutations
 19127 | Lair:3   | Found a runed translucent gate.
 19127 | Lair:3   | Found a runed translucent gate.
 19128 | Lair:3   | Found a runed translucent gate.
 19282 | Lair:3   | Found a staircase to the Swamp.
 19396 | Lair:3   | Noticed Wavoedoo's ghost (journeyman MiFi)
 19712 | Lair:4   | Reached skill level 15 in Transmutations
 19825 | Lair:4   | Noticed Kirke
 19830 | Lair:4   | Noticed a sphinx
 19839 | Lair:4   | Killed Kirke
 20392 | Lair:4   | Reached skill level 10 in Spellcasting
 20617 | Lair:5   | Entered Level 5 of the Lair of Beasts
 21102 | Lair:5   | Found a staircase to the Slime Pits.
 21365 | Lair:5   | Reached skill level 16 in Transmutations
 21368 | Lair:5   | Reached XP level 14. HP: 70/70 MP: 23/29
 22358 | D:11     | Identified the +7 falchion of Doom {flame, Will+ SInv}
 22477 | D:11     | Learned a level 5 spell: Alistair's Intoxication
 23317 | D:12     | Reached skill level 17 in Transmutations
 23552 | D:12     | Reached skill level 1 in Short Blades
 24023 | D:12     | Identified the +5 short sword of Ru, Devouring {flame,
                  | Dex+2}
 24339 | D:12     | Reached skill level 5 in Short Blades
 25026 | D:13     | Found Hege's Antique Armour Emporium.
 25257 | D:13     | Reached skill level 5 in Stealth
 26340 | D:14     | Reached skill level 10 in Stealth
 26524 | D:14     | Identified the amulet of Soywn {Reflect Int+4 SH+5}
 26857 | D:14     | Found a gate to the Vaults.
 27075 | D:15     | Entered Level 15 of the Dungeon
 27348 | D:15     | Found a staircase to the Depths.
 27349 | D:15     | Noticed a fire giant
 27380 | D:15     | Killed a fire giant
 27381 | D:15     | Reached XP level 15. HP: 73/73 MP: 15/30
 28012 | D:15     | Reached skill level 10 in Evocations
 28158 | D:15     | Found Fiumomoo's Weapon Shop.
 28604 | Spider:1 | Entered Level 1 of the Spider Nest
 29254 | Spider:1 | Noticed Frances
 29439 | Spider:1 | Killed Frances
 30010 | Spider:1 | Reached skill level 10 in Invocations
 30981 | Spider:2 | Identified the +0 cloak "Xiekou Xyrph" {MP+9}
 31903 | Spider:2 | Reached skill level 10 in Dodging
 32008 | Spider:2 | Reached XP level 16. HP: 59/77 MP: 9/31
 33467 | Spider:3 | Acquired the +3 warlock's mirror {omnireflect}
 33467 | Spider:3 | Found the +3 warlock's mirror {omnireflect}
 33722 | Spider:4 | Entered Level 4 of the Spider Nest
 33722 | Spider:4 | Noticed Mlioglotl
 33729 | Spider:4 | Killed Mlioglotl
 33877 | Spider:4 | Noticed Asterion
 33890 | Spider:4 | Killed Asterion
 34190 | Spider:4 | Identified the +6 mace of the Lumpy Violins {elec, rCorr
                  | Str-2 Int+4 SInv}
 34266 | Spider:4 | Acquired a +2 quick blade of draining
 34490 | Spider:4 | Slain by an emperor scorpion simulacrum

Illustrated notes

Levels and vault maps discovered:
D:1:      ebering_hopf_link, layout_basic, ebering_dispersal_statue_hall
D:2:      layout_loops_cross
D:3:      layout_basic, nicolae_uskayaw_dance_hall
D:4:      layout_loops_ring, uniq_eustachio, uniq_blork_the_orc
D:5:      due_chaos_kobolds, layout_loops_ring,
          nicolae_overflow_quartered_altars, mainiacjoe_overflow_brackets,
          lemuel_temple_firewalk_b
D:6:      mumra_celtic_spiral_tile, layout_loops_cross
D:7:      wander_river, layout_basic, ebering_ghost_xom,
          kennysheep_generic_room_2
D:8:      layout_layer_cave, uniq_maggie, uniq_erica
D:9:      layout_long_grid, mainiacjoe_overflow_24_doors, lair_entry_dummy,
          serial_shops, nicolae_shop_waterfront
D:10:     layout_rooms, vehumet_altar_wand_db,
          gammafunk_temple_overflow_forgotten, orc_0_dummy, serial_rivers,
          chequers_serial_rivers_large_a, chequers_serial_rivers_micro_a,
          chequers_serial_rivers_micro_b, chequers_serial_rivers_marsh,
          chequers_serial_rivers_small_b, uniq_lodul, uniq_sonja, uniq_psyche
D:11:     layout_long_grid, minmay_protected_statue
D:12:     layout_small_grid, corexii_leaking_fountain, hive_lemuel
D:13:     layout_rooms, serial_shops, kennysheep_mini, minivault_4
D:14:     layout_rooms, grunt_vaults_entry_fortified, minmay_misc_feat_cross
D:15:     grunt_enter_depths_giant_problem, layout_stronghold, serial_shops,
          nicolae_shop_bloodbath_and_beyond
Lair:1:   layout_cave_shapes, serial_bayou_shore_a, grunt_megastairs_3
Lair:2:   layout_regular_city, chequers_serial_rivers_micro_a,
          lemuel_fruit_fields, lemuel_fruit_fields
Lair:3:   layout_hall_layers, nicolae_swamp_entry_spooky,
          hellmonk_spider_entry_life_and_decay, gammafunk_ghost_icy, uniq_urug
Lair:4:   layout_long_grid, lemuel_fruit_tree, uniq_kirke
Lair:5:   minmay_lair_end_enchanted_forest, layout_misc_corridors,
          slime_entry_1, infiniplex_staircase_pool
Spider:1: layout_spider_delve, hellmonk_deceptive_appearances, uniq_frances
Spider:2: lemuel_spider_zombies
Spider:3: layout_spider_delve
Spider:4: grunt_spider_rune_island, uniq_arachne, uniq_mlioglotl, uniq_asterion,
          uniq_agnes
Orc:1:    layout_caves, serial_shops, nicolae_diamond_shop, roderic_batcave
Orc:2:    kennysheep_orc_mage_school, layout_caves, basic_altar, uniq_donald,
          uniq_snorg

Skill      XL: |  1  2  3  4  5  6  7  8  9 10 11 12 13 14 15 16 |
---------------+-------------------------------------------------+-----
Stealth        | 4 10 | 10.0
Spellcasting   | 3 4 6 8 10 11 | 11.3
Fire Magic     | 3 5 |  5.0
Transmutations | 2 3 12 16 17 | 17.0
Poison Magic   | 1 3 5 8 10 11 12 | 12.0
Invocations    | 1 5 8 12 | 12.0
Fighting       | 3 4 6 8 |  8.0
Dodging        | 4 6 8 9 11 13 | 13.0
Evocations     | 5 6 8 12 | 12.0
Shields        | 3 |  3.0
Conjurations   | 5 |  5.0
Short Blades   | 6 7 |  7.6

Action                     |  1- 3 |  4- 6 |  7- 9 | 10-12 | 13-15 | 16-18 || total
---------------------------+-------+-------+-------+-------+-------+-------++-------
  Melee: Dagger            |     3 |    15 |    42 |   120 |   431 |    97 ||   708
         Short sword       |       |       |       |       |     2 |       ||     2
         Kick              |       |       |       |       |    21 |       ||    21
         Quick blade       |       |       |       |       |       |    10 ||    10
   Cast: Foxfire           |    68 |    26 |    41 |   115 |   146 |     4 ||   400
         Scorch            |    11 |    11 |    50 |    56 |   134 |     4 ||   266
         Sting             |     2 |     3 |     8 |     7 |     2 |       ||    22
         Olgreb's Toxic Ra |       |       |    46 |   176 |   247 |    77 ||   546
         Beastly Appendage |       |       |     1 |     1 |     5 |       ||     7
         Eringya's Noxious |       |       |       |       |    45 |    12 ||    57
         Alistair's Intoxi |       |       |       |       |       |     1 ||     1
 Invoke: Grand Finale      |       |       |       |       |     2 |       ||     2
         Stomp             |       |       |       |       |     1 |       ||     1
         Line Pass         |       |       |       |       |     1 |       ||     1
  Evoke: Wand              |       |       |     4 |     2 |    20 |     1 ||    27
    Use: Scroll            |    10 |       |    11 |     6 |     4 |     2 ||    33
         Potion            |       |       |       |     3 |     1 |       ||     4
   Stab: Sleeping          |     2 |       |     1 |       |       |     1 ||     4
         Distracted        |     1 |       |       |       |       |       ||     1
         Paralysed         |       |       |     5 |    20 |    43 |    16 ||    84
         Invisible         |       |       |       |       |     4 |       ||     4
 Armour: Robe              |       |     3 |    12 |       |       |       ||    15
         Steam dragon scal |       |       |     1 |    15 |       |       ||    16
         Troll leather arm |       |       |       |    27 |   195 |    38 ||   260
  Dodge: Dodged            |       |    12 |    43 |   126 |   508 |    68 ||   757
  Block: Buckler           |       |       |       |    43 |   233 |    52 ||   328
         Reflection        |       |       |       |       |     5 |       ||     5

Table legend: (Time is in decaauts)
 A = Elapsed time spent in this place.
 B = Non-inter-level travel time spent in this place.
 C = Inter-level travel time spent in this place.
 D = Time resting spent in this place.
 E = Time spent auto-exploring this place.
 F = Levels seen in this place.
 G = Mean time per level.
                   A        B        C        D        E       F      G
               +--------+--------+--------+--------+--------+-----+--------+
         Total |  27463 |  26695 |    768 |  13370 |   8445 |  26 | 1056.3 |
       Dungeon |  13969 |  13493 |    476 |   5858 |   5462 |  15 |  931.3 |
          Lair |   5633 |   5489 |    144 |   2715 |   1752 |   5 | 1126.6 |
   Spider Nest |   5045 |   4992 |     53 |   3168 |    704 |   4 | 1261.2 |
  Orcish Mines |   2815 |   2721 |     94 |   1628 |    525 |   2 | 1407.5 |
               +--------+--------+--------+--------+--------+-----+--------+

Top non-repeatable levels by time:
   Orc:2: 2331 daAuts
Spider:3: 1816 daAuts
  Lair:3: 1556 daAuts
Spider:2: 1414 daAuts
Spider:1: 1367 daAuts
  Lair:5: 1338 daAuts
    D:14: 1329 daAuts
  Lair:1: 1225 daAuts
     D:6: 1149 daAuts
     D:5: 1110 daAuts
     D:8: 1088 daAuts
    D:15: 1003 daAuts
     D:7: 973 daAuts
    D:13: 970 daAuts
    D:10: 939 daAuts
